 Dungeon Crawl Stone Soup version 0.31-a0-237-g2d982f9f85 (webtiles) character file.

Game seed: 16807939239075461873

59159 Iniera the Basher (level 14, -1/92 HPs)
             Began as a Tengu Brigand on July 12, 2023.
             Was the Champion of Zin.
             Slain by a bone dragon (7 damage)
             ... on level 1 of the Abyss.
             The game lasted 00:26:22 (16202 turns).

Iniera the Basher (Tengu Brigand)                  Turns: 16202, Time: 00:26:23

Health: -1/92      AC: 12    Str: 18    XL:     14   Next: 93%
Magic:  22/22      EV: 25    Int: 14    God:    Zin [******]
Gold:   1061       SH:  0    Dex: 21    Spells: 13/13 levels left

rFire   . . .        p - +2 dire flail (heavy)
rCold   . . .        (shield currently unavailable)
rNeg    . . .        H - +0 steam dragon scales
rPois   ∞            (helmet restricted)
rElec   .            c - +2 cloak
rCorr   .            y - +0 pair of gloves
SInv    .            (boots unavailable)
Will    ++...        h - amulet of regeneration
Stlth   +++          n - ring "Dyvogh" {Wiz Will+}
HPRegen 1.15/turn    q - ring of poison resistance
MPRegen 0.18/turn

%: wizardry (x1)
@: vitalised, on recite cooldown, flying quickly and evasively, quick
A: beak, talons 3, nimble flight
a: Renounce Religion, Recite, Vitalisation, Imprison, Sanctuary, Donate Gold


You were on level 1 of the Abyss.
You worshipped Zin.
Zin was exalted by your worship.
You visited 4 branches of the dungeon, and saw 18 of its levels.
You visited the Abyss 1 time.

You collected 1559 gold pieces.
You spent 343 gold pieces at shops.
You donated 155 gold pieces to Zin.

Inventory:

Hand Weapons
 p - a +2 heavy dire flail (weapon)
Missiles
 k - 2 throwing nets
 z - 2 curare-tipped darts
Armour
 c - a +2 cloak (worn)
 y - a +0 pair of gloves (worn)
 H - +0 steam dragon scales (worn)
Jewellery
 h - an amulet of regeneration (around neck)
 n - the ring "Dyvogh" (left hand) {Wiz Will+}
   (You took it off a goblin on level 3 of the Dungeon)

   [ring of wizardry]

   It improves your spell success rate.
   Will:      It increases your willpower.
 q - a ring of poison resistance (right hand)
 s - a ring of protection from fire
 w - a ring of protection from cold
Wands
 a - a wand of mindburst (25)
 g - a wand of acid (12)
 A - a wand of iceblast (17)
 D - a wand of flame (23)
 G - a wand of charming (2)
Scrolls
 e - 6 scrolls of teleportation
 o - 3 scrolls of fog
 v - a scroll of silence
 C - 2 scrolls of poison
 E - a scroll of blinking
Potions
 b - 4 potions of mutation
 f - 7 potions of curing
 i - 8 potions of attraction
 l - 2 potions of resistance
 m - 4 potions of enlightenment {unknown}
 r - a potion of magic {unknown}
 t - 3 potions of invisibility {unknown}
 u - 2 potions of lignification {unknown}
 x - a potion of heal wounds
 B - 2 potions of haste {unknown}
 F - a potion of ambrosia {unknown}
Miscellaneous
 j - a box of beasts


   Skills:
 + Level 12.6 Fighting
 - Level 2.1 Short Blades
 - Level 14.4 Maces & Flails
 - Level 2.0 Throwing
 + Level 10.9 Armour
 + Level 12.1 Dodging
 - Level 4.0 Stealth
 + Level 10.0 Invocations
 + Level 3.9 Evocations


You had 13 spell levels left.
You didn't know any spells.
Your spell library contained the following spells:

 Spells                   Type           Power      Damage    Failure   Level
 Foxfire                  Conj/Fire      0%         2x1d4     12%         1
 Magic Dart               Conj           0%         1d3       12%         1
 Sting                    Tmut/Pois      0%         1d3       12%         1
 Call Imp                 Summ           0%         N/A       17%         2
 Cigotuvi's Dreadful Rot  Necr/Pois/Air  0%         N/A       17%         2
 Lesser Beckoning         Tloc           0%         N/A       17%         2
 Poisonous Vapours        Pois/Air       0%         N/A       17%         2
 Sublimation of Blood     Necr           0%         N/A       17%         2
 Wereblood                Tmut           0%         N/A       17%         2
 Gell's Gravitas          Tloc           0%         N/A       32%         3
 Mephitic Cloud           Conj/Pois/Air  0%         N/A       32%         3
 Summon Guardian Golem    Hex/Summ       0%         N/A       32%         3
 Teleport Other           Tloc           0%         N/A       32%         3
 Dispel Undead            Necr           0%         3d6       71%         4
 Olgreb's Toxic Radiance  Pois           0%         N/A       71%         4
 Fireball                 Conj/Fire      0%         3d3       95%         5
 Iskenderun's Battlesphe  Conj           0%         2d6       95%         5
 Death Channel            Necr           0%         N/A       100%        6
 Dispersal                Tloc           0%         N/A       100%        6
 Summon Cactus Giant      Summ           0%         N/A       100%        6
 Orb of Destruction       Conj           0%         9d5       100%        7
 Spellforged Servitor     Conj/Summ      0%         N/A       100%        7
 Summon Hydra             Summ           0%         N/A       100%        7


Dungeon Overview and Level Annotations

Branches:
Dungeon (10/15)            Temple (1/1) D:4            Lair (5/5) D:9
 Shoals (0/4) Lair:2        Snake (0/4) Lair:3        Slime (0/5) Lair:5
    Orc (2/2) D:10            Elf (0/3) Orc:2

Altars:
Ashenzari
Cheibriados
Dithmenos
Elyvilon
Fedhas
Gozag
Hepliaklqana
Kikubaaqudgha
Makhleb
Nemelex Xobeh
Okawaru
Qazlal
Ru
Sif Muna
Trog
Uskayaw
Vehumet
Wu Jian
Xom
Yredelemnul
Zin
The Shining One
Jiyva

Shops:
D:5 !   D:6 [   D:7 ?

Annotations:
D:7 1 runed translucent door, Crazy Yiuf
Lair:5 exclusion: 3 oklob plants
Orc:2 Sonja


Innate Abilities, Weirdness & Mutations

You have a beak for a mouth.
You have claws for feet.
Your magical nature lets you fly swiftly and evasively.


Message History

You barely miss the bone dragon.
You claw the bone dragon, but do no damage.
You peck the bone dragon, but do no damage.
The bone dragon is severely damaged.
The bone dragon bites you!!
* * * LOW HITPOINT WARNING * * *
The bone dragon misses you. The bone dragon closely misses you.
You hit the bone dragon but do no damage.
The bone dragon is severely damaged.
A large abomination comes into view.
The bone dragon bites you!
* * * LOW HITPOINT WARNING * * *
The bone dragon claws you but does no damage.
The bone dragon barely misses you.
You puncture the bone dragon!
You claw the bone dragon, but do no damage.
The bone dragon is severely damaged.
The bone dragon bites you but does no damage.
The bone dragon claws you but does no damage.
The bone dragon tramples you but does no damage.
The large abomination attacks as you move away!
The large abomination misses you.
You impale the large abomination!! Your kick misses the large abomination.
You peck the large abomination.
The large abomination is heavily damaged.
Aiming: Corrosive Bolt
Press: ? - help, Shift-Dir - straight line, f - large abomination
Aim: a large abomination (heavily damaged, 88% to hit)
The bolt of acid hits the bone dragon!!
The bone dragon is almost destroyed.
The bolt of acid hits the large abomination!
The acid corrodes the large abomination!
The large abomination is severely damaged.
Unknown command.
You barely miss the bone dragon. You claw the bone dragon.
The bone dragon is almost destroyed.
The bone dragon misses you. The bone dragon claws you!
* * * LOW HITPOINT WARNING * * *
The bone dragon tramples you!
You die...

.# .#....### #.
........ .. #.#. ..#
~~ #.##.......# ~~.#
#.#.#..#..# .#
#..##.#.#.#..#..#...
#..#.#..#.#..#......
##..X#..##....# #...
#D@..§.# .∩.
####.#####.t#.# .
#X#... .§..# # #
..#.##. >.. .# #...#
.... .. .. . ......
.. ... .. .###.#. ..
. #..# ... . #
#....#. ..


You could see a bone dragon, an apocalypse crab and a large abomination
(corroded).

Vanquished Creatures
  A fire dragon (Lair:5)
  5 hydras
  A catoblepas (Lair:1)
  A boulder beetle (Lair:3)
  7 death yaks
  3 two-headed ogres
  A swamp dragon (Lair:5)
  A glowing orange brain (Abyss:1)
  A lindwurm (Lair:4)
  Pikel (D:5)
  An orc sorcerer (Orc:1)
  10 elephants
  4 black mambas
  2 torpor snails
  9 cane toads
  Maggie (D:7)
  7 rime drakes
  13 komodo dragons
  9 polar bears (Lair:5)
  A hornet (D:5)
  Prince Ribbit (D:5)
  2 trolls
  6 raiju
  44 blink frogs
  A snapping turtle (Lair:2)
  8 dream sheep
  A wraith (D:10)
  3 wyverns
  3 basilisks
  46 yaks
  A small abomination (Abyss:1)
  5 nagas (Lair:3)
  2 steam dragons (Lair:5)
  4 wargs (Lair:5)
  13 water moccasins
  Edmund (D:6)
  15 hell hounds (Lair:5)
  3 swamp drakes
  8 orc warriors
  12 black bears
  4 ogres
  19 wolves
  3 lemures
  A centaur (D:9)
  Blork the orc (D:4)
  8 bullfrogs
  2 gnoll sergeants
  A scorpion (D:5)
  12 wights (D:8)
  11 killer bees
  3 howler monkeys
  A hound (D:6)
  9 orc priests
  11 iguanas
  17 orc wizards
  A sleepcap (D:5)
  5 hell rats (Lair:1)
  14 gnolls
  6 adders
  A white imp (D:8)
  3 ufetubi
  2 worms
  45 orcs
  8 ball pythons
  6 endoplasms
  6 giant cockroaches
  14 goblins
  5 hobgoblins
  3 quokkas
  3 bats
  5 frilled lizards
  9 kobolds
  4 rats
501 creatures vanquished.

Vanquished Creatures (others)
  A two-headed ogre (D:9)
  2 blink frogs (Lair:4)
  A basilisk (Lair:5)
  An orc wizard (D:9)
  A hell rat (Lair:1)
  An orc (Orc:1)
7 creatures vanquished.

Grand Total: 508 creatures vanquished

Notes
Turn   | Place    | Note
-------+----------+-------------------------------------------
     0 | D:1      | Iniera the Tengu Brigand began the quest for the Orb.
     0 | D:1      | Reached XP level 1. HP: 12/12 MP: 2/2
   208 | D:1      | Reached XP level 2. HP: 16/17 MP: 3/3
   218 | D:1      | Reached skill level 1 in Armour
   492 | D:1      | Reached XP level 3. HP: 22/22 MP: 4/4
  1273 | D:2      | Reached XP level 4. HP: 27/27 MP: 5/5
  1761 | D:3      | Identified the ring "Dyvogh" {Wiz Will+}
  2073 | D:4      | Reached skill level 1 in Maces & Flails
  2097 | D:4      | HP: 1/28 [gnoll/+0 club (7)]
  2098 | D:4      | Gained mutation: Your magical nature lets you fly swiftly
                  | and evasively. [Tengu growth]
  2098 | D:4      | Reached XP level 5. HP: 1/32 MP: 6/6
  2829 | D:4      | Noticed an ogre
  2844 | D:4      | Killed an ogre
  2845 | D:4      | Reached skill level 2 in Maces & Flails
  2845 | D:4      | Reached XP level 6. HP: 37/37 MP: 7/7
  2876 | D:4      | Noticed Blork the orc
  2885 | D:4      | Killed Blork the orc
  2886 | D:4      | Reached skill level 3 in Maces & Flails
  3070 | D:4      | Found a staircase to the Ecumenical Temple.
  3105 | Temple   | Entered the Ecumenical Temple
  3231 | Temple   | Became a worshipper of Zin the Law-Giver
  3231 | Temple   | Reached * piety under Zin
  3577 | D:5      | Entered Level 5 of the Dungeon
  3630 | D:5      | Noticed Pikel
  3651 | D:5      | Killed Pikel
  3652 | D:5      | Reached skill level 4 in Maces & Flails
  3652 | D:5      | Reached XP level 7. HP: 18/44 MP: 8/8
  3705 | D:5      | Reached skill level 5 in Maces & Flails
  3794 | D:5      | Reached XP level 8. HP: 46/48 MP: 9/9
  3930 | D:5      | Noticed Prince Ribbit
  3949 | D:5      | Killed Prince Ribbit
  3950 | D:5      | Reached skill level 5 in Fighting
  3950 | D:5      | Reached skill level 6 in Maces & Flails
  3950 | D:5      | Reached skill level 5 in Dodging
  3969 | D:5      | Noticed a hornet
  3974 | D:5      | Killed a hornet
  3975 | D:5      | Reached skill level 5 in Armour
  4329 | D:5      | Found Gowoc's Distillery.
  4338 | D:5      | Reached skill level 7 in Maces & Flails
  4341 | D:5      | Reached XP level 9. HP: 54/54 MP: 10/10
  4346 | D:5      | Bought a potion of heal wounds for 70 gold pieces
  4346 | D:5      | Bought a potion of degeneration for 14 gold pieces
  4347 | D:5      | Bought 2 potions of curing for 84 gold pieces
  4513 | D:6      | Noticed Edmund
  4520 | D:6      | Killed Edmund
  4552 | D:6      | Reached ** piety under Zin
  4944 | D:6      | Found Ecic Caa's Armour Shoppe.
  4982 | D:6      | Reached *** piety under Zin
  5173 | D:7      | Noticed Maggie
  5185 | D:7      | Killed Maggie
  5186 | D:7      | Reached skill level 8 in Maces & Flails
  5449 | D:7      | Found a runed translucent door.
  5450 | D:7      | Noticed Crazy Yiuf
  5493 | D:7      | Found Gudih's Magic Scroll Shoppe.
  5497 | D:7      | Bought a scroll of brand weapon for 133 gold pieces
  5498 | D:7      | Bought a scroll of teleportation for 42 gold pieces
  5983 | D:8      | Reached skill level 1 in Invocations
  5994 | D:8      | Reached **** piety under Zin
  5995 | D:8      | Reached skill level 9 in Maces & Flails
  6139 | D:8      | Reached XP level 10. HP: 61/61 MP: 10/12
  6350 | D:8      | Found a blossoming altar of Fedhas.
  6350 | D:8      | Found a hide-covered altar of Uskayaw.
  6731 | D:9      | Reached skill level 10 in Maces & Flails
  6834 | D:9      | Noticed a two-headed ogre
  6845 | D:9      | Killed a two-headed ogre
  6973 | D:9      | Reached skill level 11 in Maces & Flails
  7036 | D:9      | Got the Disquisition on Mighty Calling
  7129 | D:9      | Noticed a two-headed ogre
  7129 | D:9      | Noticed a death yak
  7175 | D:9      | Noticed a death yak
  7176 | D:9      | Noticed a death yak
  7191 | D:9      | Killed a death yak
  7192 | D:9      | Reached XP level 11. HP: 59/69 MP: 15/15
  7205 | D:9      | Killed a death yak
  7206 | D:9      | Reached skill level 12 in Maces & Flails
  7213 | D:9      | Killed a death yak
  7214 | D:9      | Reached skill level 5 in Invocations
  7424 | D:9      | Found a staircase to the Lair.
  7558 | D:10     | Entered Level 10 of the Dungeon
  7558 | D:10     | Noticed a two-headed ogre
  7572 | D:9      | Killed a two-headed ogre
  7743 | D:10     | Noticed a two-headed ogre
  7755 | D:10     | Killed a two-headed ogre
  7959 | D:10     | Found a staircase to the Orcish Mines.
  7972 | D:10     | Reached skill level 13 in Maces & Flails
  8077 | D:10     | Reached ***** piety under Zin
  8284 | D:10     | Found an opulent altar of Gozag.
  8284 | D:10     | Found a bloodstained altar of Trog.
  8798 | Orc:1    | Entered Level 1 of the Orcish Mines
  8801 | Orc:1    | Noticed an orc sorcerer
  8810 | Orc:1    | Killed an orc sorcerer
  8814 | Orc:1    | HP: 2/71 [orc priest/+0 hand axe (4)]
  8965 | Lair:1   | Entered Level 1 of the Lair of Beasts
  9197 | Lair:1   | HP: 3/67 [yak (13)]
  9198 | Lair:1   | Zin protects you from harm!
  9215 | Lair:1   | Noticed a catoblepas
  9228 | Lair:1   | Reached XP level 12. HP: 52/73 MP: 17/17
  9331 | Lair:1   | Reached skill level 14 in Maces & Flails
  9386 | Lair:1   | Killed a catoblepas
  9614 | Lair:1   | Reached skill level 10 in Fighting
 10274 | Lair:2   | Found a staircase to the Shoals.
 11283 | Lair:3   | Noticed a seven-headed hydra
 11291 | Lair:3   | Killed a seven-headed hydra
 11292 | Lair:3   | Reached XP level 13. HP: 66/83 MP: 16/19
 11944 | Lair:3   | Found a staircase to the Snake Pit.
 12451 | Lair:4   | Reached skill level 10 in Dodging
 13311 | Lair:5   | Entered Level 5 of the Lair of Beasts
 13603 | Lair:5   | Reached XP level 14. HP: 74/90 MP: 18/21
 13931 | Lair:5   | Reached skill level 10 in Armour
 14211 | Lair:5   | Reached skill level 1 in Evocations
 14778 | Lair:5   | Found a viscous altar of Jiyva.
 14778 | Lair:5   | Found a staircase to the Slime Pits.
 15512 | Lair:5   | Reached ****** piety under Zin
 16073 | Orc:2    | Entered Level 2 of the Orcish Mines
 16073 | Orc:2    | Noticed Sonja
 16077 | Orc:2    | Found a staircase to the Elven Halls.
 16080 | Abyss:1  | Cast into level 1 of the Abyss (Sonja)
 16103 | Abyss:1  | Reached skill level 10 in Invocations
 16179 | Abyss:1  | Noticed a bone dragon
 16202 | Abyss:1  | Slain by a bone dragon

Illustrated notes

Levels and vault maps discovered:
D:1:      ebering_hopf_link, layout_basic, chequers_serial_rivers_micro_d,
          dreamdust_wishing_well
D:2:      layout_loops_ring, chequers_big_river, nicolae_figureground_pulse
D:3:      layout_rooms
D:4:      layout_cave_pods, minmay_temple_entry_statues_fountains,
          uniq_blork_the_orc
D:5:      layout_basic, serial_glass, glass_columns_a, glass_columns_a,
          glass_columns_b, glass_columns_a, glass_columns_c, glass_columns_a,
          kennysheep_small_square, uniq_prince_ribbit1, uniq_pikel
D:6:      layout_basic, serial_shops, shop, uniq_edmund
D:7:      layout_basic, serial_shops, shop, uniq_crazy_yiuf_cottage, uniq_maggie
D:8:      layout_loops_ring, gammafunk_temple_overflow_statue
D:9:      layout_basic, dpeg_lair_monsters
D:10:     layout_stronghold, grunt_temple_overflow_open, erik_orc_1,
          chequers_serial_rivers_small_3
Temple:   regret_index_temple_chain_breaker
Lair:1:   layout_chaotic_city, grunt_megastairs_2
Lair:2:   layout_cave_pods, minmay_shoals_entry_hut
Lair:3:   layout_small_grid, minmay_snake_entry_guardpost_medium
Lair:4:   layout_roguey, lemuel_fruit_tree
Lair:5:   guppyfry_lair_end_dragon, layout_layer_cave,
          hangedman_lair_caniforms_friends, minmay_slime_entry_oklob_open, pond,
          grunt_megastairs_3, lemuel_fruit_fields, uniq_josephine
Orc:1:    layout_caves
Orc:2:    st_orc_ogre_mass, layout_caves, kennysheep_orc_sif_temple,
          uniq_azrael, uniq_sonja
Abyss:1:  base:
Lair:2

Skill      XL: |  1  2  3  4  5  6  7  8  9 10 11 12 13 14 |
---------------+-------------------------------------------+-----
Armour         | 1 2 3 4 5 6 7 9 10 | 10.9
Dodging        | 2 3 4 5 8 11 12 | 12.1
Fighting       | 3 4 5 6 8 9 10 11 12 | 12.6
Maces & Flails | 1 2 4 5 7 9 11 13 14 | 14.4
Invocations    | 2 4 6 7 8 10 | 10.0
Evocations     | 3 |  3.9
Short Blades   | |  2.1
Throwing       | |  2.0
Stealth        | |  4.0

Action                     |  1- 3 |  4- 6 |  7- 9 | 10-12 | 13-15 || total
---------------------------+-------+-------+-------+-------+-------++-------
  Melee: Dagger            |    83 |    10 |       |       |       ||    93
         Kick              |    18 |    39 |    65 |   211 |   228 ||   561
         Peck              |     9 |    21 |    47 |   134 |   149 ||   360
         Morningstar       |       |    74 |       |       |       ||    74
         Dire flail        |       |    63 |   208 |   581 |   646 ||  1498
  Throw: Dart              |       |    63 |    18 |    50 |     5 ||   136
         Throwing net      |       |     1 |       |       |       ||     1
 Invoke: Recite            |       |       |     2 |     5 |     3 ||    10
         Vitalisation      |       |       |     1 |    19 |    21 ||    41
         Imprison          |       |       |       |     1 |       ||     1
  Evoke: Wand              |       |     7 |     3 |    12 |     6 ||    28
    Use: Scroll            |     1 |     6 |     6 |     4 |     2 ||    19
         Potion            |       |     3 |       |     5 |       ||     8
   Stab: Sleeping          |    10 |       |     3 |     1 |     2 ||    16
         Invisible         |       |       |       |     7 |     2 ||     9
         Confused          |       |       |       |     1 |       ||     1
         Paralysed         |       |       |       |       |     4 ||     4
         Distracted        |       |       |       |       |     1 ||     1
 Armour: Robe              |    11 |       |       |       |       ||    11
         Scale mail        |     3 |    82 |    86 |   221 |   202 ||   594
         Steam dragon scal |       |       |       |       |    19 ||    19
  Dodge: Dodged            |    36 |   126 |   156 |   432 |   799 ||  1549

Table legend: (Time is in decaauts)
 A = Elapsed time spent in this place.
 B = Non-inter-level travel time spent in this place.
 C = Inter-level travel time spent in this place.
 D = Time resting spent in this place.
 E = Time spent auto-exploring this place.
 F = Levels seen in this place.
 G = Mean time per level.
                   A        B        C        D        E       F      G
               +--------+--------+--------+--------+--------+-----+--------+
         Total |  15131 |  14235 |    896 |   1266 |   9345 |  19 |  796.4 |
       Dungeon |   8381 |   7795 |    586 |    530 |   5495 |  10 |  838.1 |
        Temple |    122 |    104 |     18 |      0 |     88 |   1 |  122.0 |
          Lair |   6250 |   5975 |    275 |    699 |   3579 |   5 | 1250.0 |
  Orcish Mines |    263 |    247 |     16 |      0 |    169 |   2 |  131.5 |
         Abyss |    113 |    113 |      0 |     37 |     12 |   1 |  113.0 |
               +--------+--------+--------+--------+--------+-----+--------+

Top non-repeatable levels by time:
  Lair:5: 1818 daAuts
  Lair:4: 1341 daAuts
    D:10: 1311 daAuts
     D:4: 1224 daAuts
  Lair:3: 1200 daAuts
  Lair:2: 964 daAuts
  Lair:1: 924 daAuts
     D:2: 893 daAuts
     D:5: 866 daAuts
     D:9: 802 daAuts
     D:1: 795 daAuts
     D:7: 752 daAuts
     D:8: 655 daAuts
     D:6: 580 daAuts
     D:3: 499 daAuts
